 Dungeon Crawl Stone Soup version 0.17-a0-1468-gbf503c2 (webtiles) character file.

262276 ztt the Shatterer (level 20, -7/360 HPs)
             Began as an Ogre Fighter on June 30, 2015.
             Was a High Priest of Okawaru.
             Mangled by a yaktaur (13 damage)
             ... led by a vault warden
             ... on level 3 of the Vaults on July 1, 2015.
             The game lasted 02:00:06 (64878 turns).

ztt the Shatterer (Ogre Fighter)                   Turns: 64878, Time: 02:00:07

Health: -7/360     AC: 12    Str: 37    XL:     20   Next: 39%
Magic:  0/23       EV: 19    Int: 10    God:    Okawaru [*****.]
Gold:   1477       SH:  2    Dex: 15    Spells: 0 memorised, 19 levels left

rFire  + + .     SeeInvis .     E - +6 giant spiked club of the Other Side {flame, Int+3 Dex+6}
rCold  . . .     Clarity  .     U - +2 robe {MR+}
rNeg   . . .     SustAt   +     (no shield)
rPois  .         Gourm    .     Q - +2 hat {Spirit}
rElec  +         Spirit   +     M - +2 cloak {+Inv}
rCorr  .         Warding  .     (gloves unavailable)
rMut   +         Stasis   .     (boots unavailable)
MR     ++++.                    p - amulet of resist mutation
Stlth  ..........               G - ring of Vielol {SustAt rElec rF++ MR+ Stlth-}
                                b - +3 ring of slaying

@: berserking, very quick, incredibly resistant to hostile enchantments,
extremely unstealthy
A: unfitting armour, large bone plates 1, tough skin 1
a: Heroism, Finesse, Renounce Religion, Evoke Invisibility
}: 1/15 runes: serpentine


You were on level 3 of the Vaults.
You worshipped Okawaru.
Okawaru was extremely pleased with you.
You were not hungry.

You visited 6 branches of the dungeon, and saw 35 of its levels.
You also visited: Wizlab.

You collected 3498 gold pieces.
You spent 2021 gold pieces at shops.

Inventory:

Hand weapons
 l - a +5 giant spiked club of draining
 E - the +6 giant spiked club of the Other Side (weapon) {flame, Int+3 Dex+6}
   (Okawaru gifted it to you on level 3 of the Lair of Beasts)

   It has been specially enchanted to burn those struck by it, causing extra
   injury to most foes and up to half again as much damage against particularly
   susceptible opponents.
   It affects your intelligence (+3).
   It affects your dexterity (+6).
 N - a +1 giant spiked club of electrocution
Armour
 g - the +1 robe of Tenacity {+Fly rPois}
   (Okawaru gifted it to you on level 2 of the Vaults)

   It protects you from poison.
   It lets you fly.
 m - a +2 robe of positive energy
 M - a +2 cloak of invisibility (worn)
 Q - a +2 hat of spirit shield (worn)
 U - a +2 robe of magic resistance (worn)
 V - a +2 robe of resistance
Jewellery
 b - a +3 ring of slaying (left hand)
 d - an uncursed amulet of stasis
 f - an uncursed ring of positive energy
 k - an uncursed ring of fire
 o - an uncursed ring of protection from fire
 p - an amulet of resist mutation (around neck)
 s - an uncursed ring of magical power
 z - an uncursed ring of poison resistance
 G - the ring of Vielol (right hand) {SustAt rElec rF++ MR+ Stlth-}
   (You bought it in a shop on level 3 of the Orcish Mines)

   [ring of sustain attributes]

   It sustains your strength, intelligence and dexterity.
   It greatly protects you from fire.
   It insulates you from electricity.
   It affects your resistance to hostile enchantments.
   It makes you less stealthy.
 J - an uncursed ring of protection from magic
 O - an uncursed amulet of the gourmand
 R - an uncursed amulet of guardian spirit
Magical devices
 u - a wand of digging (13)
 H - a wand of teleportation (3)
 I - a wand of heal wounds (3)
Scrolls
 c - 4 scrolls of magic mapping
 i - 12 scrolls of remove curse
 j - 3 scrolls of summoning
 t - 7 scrolls of teleportation
 v - 4 scrolls of identify
 x - 8 scrolls of recharging
 y - 2 scrolls of fog
 S - 3 scrolls of amnesia
 Y - 3 scrolls of fear
 Z - a scroll of silence
Potions
 a - 2 potions of might
 h - a potion of cure mutation
 n - 5 potions of cancellation
 q - 2 potions of berserk rage
 r - 7 potions of curing
 B - a potion of magic
 C - 6 potions of brilliance
 D - 5 potions of flight
 K - a potion of haste
 W - a potion of invisibility
 X - 3 potions of agility
Books
 P - a book of Flames

   Spells                             Type                      Level
   a - Flame Tongue                   Conjuration/Fire             1
   b - Throw Flame                    Conjuration/Fire             2
   c - Conjure Flame                  Conjuration/Fire             3
   d - Inner Flame                    Hexes/Fire                   3
   e - Sticky Flame                   Conjuration/Fire             4
   f - Fireball                       Conjuration/Fire             5
Comestibles
 e - 7 bread rations
 A - 8 meat rations


   Skills:
 * Level 23.0 Fighting
 * Level 26.3 Maces & Flails
 * Level 15.4 Dodging
 * Level 12.3 Stealth
   Level 4.0 Shields
 + Level 4.0 Invocations


You had 19 spell levels left.
You didn't know any spells.

Dungeon Overview and Level Annotations

Branches:
Dungeon (15/15)            Temple (1/1) D:4            Lair (8/8) D:10
 Shoals (0/4) Lair:5        Snake (4/4) Lair:6        Slime (0/6) Lair:6
    Orc (4/4) D:12            Elf (0/3) Orc:3        Vaults (3/5) D:14
 Depths (0/5) D:15
  Crypt: Vaults:2-3

Altars:
Ashenzari
Cheibriados
Dithmenos
Elyvilon
Fedhas
Gozag
Kikubaaqudgha
Makhleb
Nemelex Xobeh
Okawaru
Qazlal
Ru
Sif Muna
Trog
Vehumet
Xom
Yredelemnul
Zin
The Shining One
Beogh

Shops:
D:4 *   D:6 *   D:7 }   D:10 ?   D:12 :   Orc:3 =   Orc:4 }*(=   Snake:3 *


Innate Abilities, Weirdness & Mutations

You are too large for most types of armour.
You have tough skin (AC +1).
You are partially covered in large bone plates (AC +2, SH +2).


Message History

The deep troll claws you!
* * * LOW HITPOINT WARNING * * *
The deep troll misses you.
Unknown command.
Drink which item? (? for menu, Esc to quit)
A red film seems to cover your vision as you go berserk!
You feel yourself moving faster!
You feel mighty! The ogre closely misses you. The yaktaur barely misses you.
The deep troll bites you but does no damage.
The deep troll completely misses you. The deep troll barely misses you.
The ogre hits you with a giant spiked club!
* * * LOW HITPOINT WARNING * * *
You spit the deep troll like a pig!!! You burn the deep troll!
You kill the deep troll!
Okawaru accepts your kill.
Unknown command.
You impale the yaktaur!! You burn the yaktaur!
The yaktaur is severely wounded.
The yaktaur hits you!
You die...

########
#..@O).#
#.c)O..#
#..[)).#
#...<..#
#......#
#......#
##+#####


You could see a yaktaur and 2 ogres.

Vanquished Creatures
  Norris (Snake:3)
  Saint Roka (Orc:4)
  A Hellbinder (WizLab)
  Wiglaf (Vaults:3)
  4 vault wardens
  8 greater nagas
  A fire giant (D:11)
  Aizul (Snake:3)
  2 cacodemons (WizLab)
  An orc warlord (Orc:4)
  7 ironheart preservers
  3 reapers (WizLab)
  3 stone giants
  2 salamander stormcallers (Vaults:2)
  A deep elf demonologist (WizLab)
  Azrael (D:12)
  2 deep elf annihilators (Vaults:3)
  An ettin (Vaults:1)
  3 ogre magi
  2 vault guards (Vaults:1)
  Josephine (Snake:1)
  A great orb of eyes (Vaults:2)
  An ice dragon (Vaults:2)
  15 naga warriors
  8 hydras
  5 yaktaur captains
  3 hell beasts (WizLab)
  11 anacondas
  Erolcha (D:11)
  5 centaur warriors
  A deep troll earth mage (Vaults:2)
  4 deep troll shamans
  16 death yaks
  6 orc high priests (Orc:4)
  2 tengu warriors
  10 shock serpents
  2 sun demons (WizLab)
  3 fire crabs
  17 naga sharpshooters
  5 salamander mystics
  A deep elf knight (Vaults:1)
  4 sea snakes (Snake:3)
  4 unseen horrors
  A giant orange brain (Vaults:1)
  A shadow wraith (Vaults:2)
  An ice devil (WizLab)
  A storm dragon skeleton (Vaults:2)
  10 naga ritualists
  5 ironbrand convokers
  11 mana vipers
  4 deep elf conjurers
  5 necromancers
  10 deep trolls
  3 wizards
  A salamander (shapeshifter) (Vaults:2)
  23 ugly things
  9 orc knights
  8 hill giants
  9 harpies (Vaults:2)
  3 lindwurms
  A hornet (shapeshifter) (Vaults:2)
  2 wolf spiders (Vaults:1)
  8 orc sorcerers
  10 cyclopes
  5 griffons
  2 manticores
  A hornet (Vaults:2)
  19 elephants
  16 salamanders
  Maurice (D:12)
  A guardian serpent (Snake:2)
  A rust devil (WizLab)
  Joseph (D:7)
  3 centaur zombies
  5 vault sentinels
  A frost giant skeleton (Vaults:2)
  A gargoyle (D:11)
  33 naga magi
  A torpor snail (Lair:8)
  41 black mambas
  16 spiny frogs
  17 yaktaurs
  A hellion (WizLab)
  A kobold demonologist (WizLab)
  A yaktaur zombie (Vaults:2)
  13 komodo dragons
  A komodo dragon (shapeshifter) (Vaults:2)
  A yaktaur skeleton (Vaults:1)
  3 red devils (WizLab)
  2 redback zombies
  A human skeleton (Vaults:1)
  A freezing wraith (Vaults:2)
  A fire drake (Lair:8)
  8 trolls
  9 two-headed ogres
  Grinder (D:4)
  A giant leech (Lair:8)
  5 boulder beetles
  6 slime creatures
  3 shadows
  A hornet zombie (D:14)
  3 deep elf magi
  A ynoxinul (WizLab)
  A spriggan (Lair:6)
  3 basilisks
  Sigmund (D:2)
  An ettin skeleton (Vaults:2)
  8 blink frogs
  2 deep elf fighters
  3 wyverns
  6 vampire mosquitoes (Vaults:2)
  5 humans (Lair:2)
  73 yaks
  5 wraiths
  A hungry ghost (D:15)
  5 fire elementals (D:12)
  10 hippogriffs
  The ghost of HEYYEYAAE the Gusty, an average HuAE (D:5)
  5 wolves (Lair:8)
  55 nagas
  23 water moccasins
  4 mottled dragons
  14 porcupines
  5 wargs
  2 hell hounds (D:12)
  4 phantoms
  3 eyes of draining
  5 ice beasts
  60 orc warriors
  3 necrophages
  3 sky beasts
  2 elf zombies (Vaults:2)
  5 black bears
  An eye of draining (shapeshifter) (Vaults:2)
  A boggart (Vaults:1)
  17 centaurs
  21 ogres
  A wasp (D:10)
  13 crocodiles
  A gnoll sergeant (D:7)
  8 big kobolds
  A brain worm (D:13)
  A glowing shapeshifter simulacrum (Vaults:2)
  17 giant frogs
  An orc simulacrum (Vaults:2)
  2 scorpions
  A boulder beetle zombie (Vaults:2)
  11 killer bees
  The ghost of HEYYEYAAE the Gusty, a weakling HuAE (D:3)
  2 human simulacra (Vaults:1)
  5 crimson imps
  11 wights
  2 giant frog zombies
  4 lava snakes (Snake:4)
  45 orc priests
  14 two-headed ogre zombies (D:11)
  8 hounds
  Ijyb (Lair:2)
  4 jellies
  5 centaur skeletons
  4 giant frog skeletons
  Jessica (Lair:2)
  43 orc wizards
  12 iguanas
  Natasha (thrice) (D:4 D:5)
  14 worker ants
  28 sheep
  An ogre zombie (D:11)
  A hound zombie (D:8)
  A hound skeleton (D:6)
  18 adders
  7 gnolls
  107 river rats
  2 shadow imps
  2 oozes
  3 adder skeletons
  A worm (D:2)
  6 giant geckos
  348 orcs
  A bat zombie (D:8)
  2 giant cockroaches
  25 goblins
  20 hobgoblins
  14 jackals
  4 quokkas
  6 ball pythons
  11 bats
  A giant gecko zombie (D:8)
  8 giant newts
  A jackal skeleton (D:6)
  34 kobolds
  2 quokka skeletons
  15 rats
  A butterfly (Lair:5)
  A plant (Lair:8)
1792 creatures vanquished.

Vanquished Creatures (others)
  A ball lightning (Vaults:3)
  An ugly thing (Vaults:1)
  A ynoxinul (WizLab)
  A shadow imp (WizLab)
  3 orcs (Orc:1)
  11 fungi
  5 plants
23 creatures vanquished.

Grand Total: 1815 creatures vanquished

Notes
Turn   | Place    | Note
--------------------------------------------------------------
     0 | D:1      | ztt the Ogre Fighter began the quest for the Orb.
     0 | D:1      | Reached XP level 1. HP: 24/24 MP: 1/1
   319 | D:1      | Reached XP level 2. HP: 30/33 MP: 2/2
  1011 | D:2      | Reached skill level 5 in Fighting
  1011 | D:2      | Reached XP level 3. HP: 20/42 MP: 3/3
  1740 | D:2      | Reached XP level 4. HP: 38/50 MP: 4/4
  1885 | D:2      | You fall through a shaft for 2 floors!
  1885 | D:4      | Found a staircase to the Ecumenical Temple.
  1896 | Temple   | Entered the Ecumenical Temple
  2073 | D:4      | Noticed a black bear
  2137 | D:4      | Noticed Natasha
  2148 | D:4      | Killed Natasha
  2148 | D:4      | Reached XP level 5. HP: 38/59 MP: 5/5
  2659 | D:2      | Noticed Sigmund
  2701 | D:2      | Killed Sigmund
  2701 | D:2      | Reached skill level 6 in Fighting
  2701 | D:2      | Reached skill level 1 in Stealth
  2701 | D:2      | Reached XP level 6. HP: 19/67 MP: 6/6
  3022 | D:3      | Noticed a sky beast
  3074 | D:3      | Reached skill level 5 in Maces & Flails
  3137 | D:3      | Killed a sky beast
  3348 | D:3      | Reached XP level 7. HP: 49/76 MP: 7/7
  3605 | D:3      | Noticed HEYYEYAAE's ghost (weakling HuAE)
  3621 | D:3      | Killed HEYYEYAAE's ghost
  3781 | D:3      | Noticed an ogre
  3805 | D:3      | Killed an ogre
  3805 | D:3      | Reached skill level 7 in Fighting
  4187 | D:3      | Found a bloodstained altar of Trog.
  4187 | D:3      | Noticed an eye of draining
  4208 | D:3      | Killed an eye of draining
  4271 | D:3      | Noticed an eye of draining
  4281 | D:3      | Killed an eye of draining
  4360 | D:4      | Noticed Grinder
  4713 | D:4      | Reached XP level 8. HP: 82/88 MP: 8/8
  4806 | D:4      | Noticed a phantom
  4822 | D:4      | Killed a phantom
  4822 | D:4      | Reached skill level 8 in Fighting
  4831 | D:4      | Found a white marble altar of Elyvilon.
  4945 | D:4      | Found Sigouj's Serpentskin Sales.
  5067 | D:4      | Killed Grinder
  5205 | D:4      | Killed a black bear
  5246 | D:5      | Entered Level 5 of the Dungeon
  5268 | D:5      | Reached skill level 5 in Dodging
  5294 | D:5      | Noticed Natasha
  5300 | D:5      | Killed Natasha
  5372 | D:5      | Noticed HEYYEYAAE's ghost (average HuAE)
  5396 | D:5      | Killed HEYYEYAAE's ghost
  5396 | D:5      | Reached skill level 9 in Fighting
  5692 | D:5      | Reached XP level 9. HP: 73/98 MP: 9/9
  6112 | D:5      | Found a sparkling altar of Nemelex Xobeh.
  6635 | D:5      | Noticed Natasha
  6666 | D:5      | Killed Natasha
  7582 | D:6      | Reached skill level 10 in Fighting
  7703 | D:6      | Found Vone's General Store.
  8016 | D:7      | Noticed Joseph
  8037 | D:7      | Killed Joseph
  8037 | D:7      | Reached skill level 10 in Maces & Flails
  8779 | D:7      | Found Epakhlut's Gadget Shop.
  9285 | D:7      | Reached skill level 11 in Fighting
  9506 | D:7      | Reached XP level 10. HP: 17/113 MP: 10/10
  9520 | D:7      | HP: 5/113 [poisoned by a killer bee]
  9526 | D:7      | HP: 4/113 [poisoned by a killer bee]
  9532 | D:7      | HP: 4/113 [poisoned by a killer bee]
  9540 | D:7      | HP: 4/113 [poisoned by a killer bee]
 10073 | D:7      | Found an iron altar of Okawaru.
 10154 | D:7      | Became a worshipper of Warmaster Okawaru
 12633 | D:4      | Bought an uncursed ring of poison resistance for 260 gold pieces
 13075 | D:9      | Got a warped flail
 13076 | D:9      | Identified the +9 flail "Ceituim" {flame, +Fly} (You found it on level 9 of the Dungeon)
 13115 | D:9      | Acquired Okawaru's first power
 13115 | D:9      | Reached skill level 12 in Fighting
 14011 | D:10     | Entered Level 10 of the Dungeon
 14011 | D:10     | Found a staircase to the Lair.
 14289 | D:10     | Reached XP level 11. HP: 91/124 MP: 11/11
 14861 | D:10     | Noticed a cyclops
 14861 | D:10     | Noticed a hill giant
 14877 | D:10     | Reached skill level 13 in Maces & Flails
 14882 | D:10     | Killed a hill giant
 14888 | D:10     | Killed a cyclops
 15160 | D:10     | Noticed a death yak
 15253 | D:10     | Noticed a hill giant
 15278 | D:10     | Killed a hill giant
 15294 | D:10     | Killed a death yak
 15479 | D:10     | Reached skill level 14 in Maces & Flails
 15509 | D:10     | Noticed a three-headed hydra
 15519 | D:10     | Killed a three-headed hydra
 15945 | D:10     | Noticed a hill giant
 15957 | D:10     | Killed a hill giant
 16121 | D:10     | Found Yduatofic's Magic Scroll Shoppe.
 16185 | D:10     | Bought a scroll of blinking for 97 gold pieces
 16294 | Lair:1   | Entered Level 1 of the Lair of Beasts
 16745 | Lair:1   | Acquired Okawaru's second power
 16748 | Lair:1   | Reached XP level 12. HP: 110/138 MP: 12/12
 17281 | Lair:2   | Reached skill level 15 in Maces & Flails
 17680 | Lair:2   | Received a gift from Okawaru
 18314 | Lair:2   | Noticed Jessica
 18320 | Lair:2   | Killed Jessica
 18357 | Lair:2   | Reached skill level 15 in Fighting
 18362 | Lair:2   | Noticed Ijyb
 18367 | Lair:2   | Killed Ijyb
 18447 | Lair:2   | Noticed a seven-headed hydra
 18457 | Lair:2   | Killed a seven-headed hydra
 18457 | Lair:2   | Reached skill level 1 in Invocations
 19650 | Lair:3   | Noticed an eight-headed hydra
 19661 | Lair:3   | Killed an eight-headed hydra
 19724 | Lair:3   | Reached skill level 16 in Maces & Flails
 20107 | Lair:3   | Received a gift from Okawaru
 21049 | Lair:4   | Reached XP level 13. HP: 109/152 MP: 11/15
 21291 | Lair:4   | Identified a scroll of acquirement
 22157 | Lair:5   | Found a staircase to the Shoals.
 22698 | Lair:5   | Reached skill level 17 in Maces & Flails
 23042 | Lair:5   | Received a gift from Okawaru
 23271 | Lair:5   | Found a shattered altar of Ashenzari.
 23806 | Lair:5   | Received a gift from Okawaru
 24385 | Lair:6   | Reached skill level 10 in Dodging
 25252 | Lair:6   | Found a staircase to the Snake Pit.
 25550 | Lair:6   | Found a staircase to the Slime Pits.
 26099 | Lair:6   | Reached skill level 5 in Stealth
 26180 | Lair:7   | Reached skill level 18 in Maces & Flails
 26530 | Lair:7   | Reached XP level 14. HP: 113/166 MP: 11/16
 26724 | Lair:7   | Received a gift from Okawaru
 27346 | Lair:7   | Found a bloodstained altar of Trog.
 27539 | Lair:7   | Got a pitted giant club {god gift}
 27540 | Lair:7   | Identified the +6 giant club of Xyruczi {freeze, *Rage *Drain rElec Dex+6} (Okawaru gifted it to you on level 7 of the Lair of Beasts)
 27622 | Lair:7   | Received a gift from Okawaru
 28293 | Lair:8   | Entered Level 8 of the Lair of Beasts
 28744 | Lair:8   | Reached skill level 19 in Maces & Flails
 28770 | Lair:8   | Received a gift from Okawaru
 29878 | Lair:8   | Received a gift from Okawaru
 29913 | Lair:8   | Reached XP level 15. HP: 156/176 MP: 15/17
 29974 | Lair:8   | Received a gift from Okawaru
 30852 | D:6      | Bought a potion of beneficial mutation for 385 gold pieces
 30852 | D:6      | Gained mutation: You are partially covered in large bone plates (AC +2, SH +2). [potion of beneficial mutation]
 30926 | D:7      | Bought a wand of teleportation (3) for 273 gold pieces
 31745 | D:11     | Noticed a fire giant
 31749 | D:11     | Killed a fire giant
 31749 | D:11     | Reached skill level 20 in Maces & Flails
 31753 | D:11     | Identified the Incunabulum of Floating Translocation
 31875 | D:11     | Noticed Erolcha
 31902 | D:11     | Killed Erolcha
 32378 | D:12     | Found Uroifaf's Book Shop.
 32388 | D:12     | Noticed Maurice
 32587 | D:12     | Found a staircase to the Orcish Mines.
 32746 | D:12     | Killed Maurice
 32880 | D:12     | Noticed Azrael
 32920 | D:12     | Killed Azrael
 34227 | Orc:1    | Entered Level 1 of the Orcish Mines
 35174 | Orc:3    | Found Buenwace's Jewellery Shoppe.
 35194 | Orc:3    | Bought the ring of Vielol {SustAt rElec rF++ MR+ Stlth-} for 798 gold pieces
 35456 | Orc:3    | Found a staircase to the Elven Halls.
 35712 | Orc:4    | Entered Level 4 of the Orcish Mines
 36458 | Orc:4    | Received a gift from Okawaru
 36942 | Orc:4    | Found a roughly hewn altar of Beogh.
 37124 | Orc:4    | Found Wutaul's Gadget Emporium.
 37134 | Orc:4    | Found Beycwus's General Store.
 37165 | Orc:4    | Bought 2 potions of heal wounds for 160 gold pieces
 37165 | Orc:4    | Bought a potion of curing for 48 gold pieces
 37497 | Orc:4    | Reached skill level 21 in Maces & Flails
 37502 | Orc:4    | Reached XP level 16. HP: 189/189 MP: 18/18
 38310 | Orc:4    | Found a roughly hewn altar of Beogh.
 38780 | Orc:4    | Noticed Saint Roka
 39195 | Orc:4    | Killed Saint Roka
 39195 | Orc:4    | Received a gift from Okawaru
 39199 | Orc:4    | Got an ominously black robe {god gift}
 39262 | Orc:4    | Identified the +0 robe "Eri Tei" {*Confuse +Inv rC+ Regen+} (Okawaru gifted it to you on level 4 of the Orcish Mines)
 39559 | Orc:4    | Found Teesisak's Antique Weapon Emporium.
 40008 | Orc:4    | Found Tiuch's Jewellery Shoppe.
 40967 | D:14     | Found a gate to the Vaults.
 41750 | D:15     | Entered Level 15 of the Dungeon
 41874 | D:15     | Got a faintly glowing giant spiked club
 41875 | D:15     | Identified the +4 giant spiked club of Division {crush, Int+3} (You acquired it on level 15 of the Dungeon)
 41925 | D:15     | Reached skill level 22 in Maces & Flails
 41973 | D:15     | Paralysed by a wizard for 5 turns
 42018 | D:15     | Found a staircase to the Depths.
 42735 | Lair:3   | Received a gift from Okawaru
 42738 | Lair:3   | Got a jewelled giant spiked club {god gift}
 42739 | Lair:3   | Identified the +6 giant spiked club of the Other Side {flame, Int+3 Dex+6} (Okawaru gifted it to you on level 3 of the Lair of Beasts)
 42866 | Snake:1  | Entered Level 1 of the Snake Pit
 44245 | Snake:1  | Reached XP level 17. HP: 193/201 MP: 17/19
 44462 | Snake:1  | Noticed Josephine
 44962 | Snake:1  | Killed Josephine
 45865 | Snake:2  | Received a gift from Okawaru
 46645 | Snake:2  | Reached skill level 23 in Maces & Flails
 46689 | Snake:2  | Reached skill level 10 in Stealth
 47265 | Snake:3  | Noticed Norris
 47304 | Snake:3  | Killed Norris
 47487 | Snake:3  | Noticed Aizul
 47531 | Snake:3  | Killed Aizul
 47540 | Snake:3  | Found Siusu's Assorted Antiques.
 47889 | Snake:3  | Received a gift from Okawaru
 48803 | Snake:4  | Entered Level 4 of the Snake Pit
 49200 | Snake:4  | Reached XP level 18. HP: 189/215 MP: 16/20
 49502 | Snake:4  | Received a gift from Okawaru
 50169 | Snake:4  | Reached skill level 24 in Maces & Flails
 51711 | Snake:4  | Received a gift from Okawaru
 52123 | Snake:4  | Got a serpentine rune of Zot
 52964 | Vaults:1 | Entered Level 1 of the Vaults
 53296 | Vaults:1 | Reached XP level 19. HP: 193/226 MP: 18/21
 54079 | Vaults:1 | Reached skill level 25 in Maces & Flails
 54538 | Vaults:1 | Received a gift from Okawaru
 55892 | Vaults:2 | Received a gift from Okawaru
 55941 | Vaults:2 | Found a magical portal.
 55954 | WizLab   | Entered The Hall of Lalud the Hellbinder
 56222 | WizLab   | Noticed a Brimstone Fiend
 57557 | WizLab   | Noticed Lalud
 62406 | WizLab   | Killed Lalud the Hellbinder
 62407 | WizLab   | Found a burning altar of Makhleb.
 62567 | Vaults:2 | Upgraded the game from 0.17-a0-1450-g7e755d1 to 0.17-a0-1468-gbf503c2
 62600 | Vaults:2 | Received a gift from Okawaru
 62604 | Vaults:2 | Got a warped robe {god gift}
 62627 | Vaults:2 | Reached skill level 15 in Dodging
 62779 | Vaults:2 | Identified the +1 robe of Tenacity {+Fly rPois} (Okawaru gifted it to you on level 2 of the Vaults)
 63311 | Vaults:2 | Reached XP level 20. HP: 133/239 MP: 15/23
 63841 | Vaults:2 | Reached skill level 26 in Maces & Flails
 64837 | Vaults:3 | Noticed Wiglaf
 64845 | Vaults:3 | Killed Wiglaf
 64872 | Vaults:3 | HP: 9/240 [deep troll[an ironheart preserver] (10)]
 64878 | Vaults:3 | Mangled by a yaktaur

Vault maps used:
D:1:      roderic_crossed_star
D:2:      first_bread, uniq_sigmund
D:3:      trog_eyes_of_draining
D:4:      black_bear_nest_1, lemuel_round_altar, minmay_temple_entry_mist,
          st_stairs_14, guppyfry_shop_venom, uniq_natasha, uniq_grinder
D:5:      kennysheep_mini_moat
D:6:      serial_shops, shop
D:7:      lemuel_upstairs_altar, nicolae_overflow_crystal_walls, serial_shops,
          nicolae_shop_temple_entry_statues_fountains, uniq_joseph
D:10:     dpeg_lair_monsters, serial_shops, nicolae_shop_waterfront,
          hangedman_ranch, minmay_rotating_lava
D:11:     lemuel_ogre_cave, kennysheep_just_a_vault
D:12:     orc_0_dummy, serial_shops, kennysheep_mini, uniq_azrael, uniq_maurice
D:14:     david_vaults_4, nrook_uturn, minmay_holes, grunt_ministairs_6
D:15:     grunt_enter_depths_magical_seal, minivault_25
Temple:   lightli_temple_of_artemis
Lair:2:   erik_1, minivault_19, grunt_megastairs_2
Lair:3:   beast_lair_carwin_1
Lair:4:   minivault_25
Lair:5:   minmay_shoals_entry_centaurs, basic_altar,
          cheibrodos_lair_reptile_den, bh_autumn_forest_stairs,
          lemuel_fruit_fields, serial_bayou_shore_b, lemuel_fruit_fields
Lair:6:   minmay_snake_entry_six_corridors, slime_dummy,
          grunt_forest_large_clearing_hut
Lair:7:   basic_altar, st_stairs_8
Lair:8:   hangedman_lair_in_review
Snake:1:  st_stairs_6, uniq_josephine
Snake:3:  serial_shops, shop, lemuel_fruit_tree, uniq_norris, uniq_aizul
Snake:4:  snake_pit, spider_trap, st_stairs_1
Orc:2:    nicolae_orc_flooded_monolith
Orc:3:    serial_shops, nicolae_shop_crystal, nicolae_orc_pool_cavern
Orc:4:    pubby_orc_utopia, serial_shops, uniq_saint_roka
Vaults:1: v_rooms_5, st_octagons_1, grunt_vaults_diagonal,
          ontoclasm_vaults_gateway, v_misc_28, vaults_room_stairs_pillars
Vaults:2: vaults_mumra_minichess, nicolae_vaults_hallways_thing,
          hangedman_vaults_slice, nicolae_vaults_twisting_passages, v_misc_1,
          v_misc_23, nicolae_vaults_triangles, ontoclasm_vaults_loading_screen,
          vaults_standard_mumra_enter_the_diamond, v_misc_19,
          infiniplex_enter_wizlab_glasses
Vaults:3: minmay_crypt_entry_skeletal_spiral, v_misc_13, hangedman_vaults_slice,
          v_rooms_4, nicolae_vaults_shelves_hall, grunt_vaults_funnel,
          hangedman_vaults_stretched_pinwheel, st_check,
          nicolae_vaults_windows_and_doors_thing, hangedman_vaults_trim,
          ontoclasm_vaults_ligature, ontoclasm_vaults_shuriken,
          vaults_mumra_chevron, uniq_wiglaf
WizLab:   wizlab_demon

Action                   |  1- 3 |  4- 6 |  7- 9 | 10-12 | 13-15 | 16-18 | 19-21 || total
-------------------------+-------+-------+-------+-------+-------+-------+-------++-------
Melee: Flail             |    79 |    81 |   448 |   171 |       |       |       ||   779
       Giant club        |       |       |    10 |   128 |       |       |       ||   138
       Giant spiked club |       |       |       |   338 |  1428 |  1160 |   569 ||  3495
Invok: Heroism           |       |       |       |     7 |     8 |     2 |     1 ||    18
       Finesse           |       |       |       |     2 |     4 |     5 |     3 ||    14
Evoke: Wand              |       |       |       |       |     1 |       |       ||     1
  Use: Scroll            |     4 |     1 |    10 |    16 |     6 |    12 |    10 ||    59
       Potion            |     1 |     1 |     3 |     2 |     2 |       |     7 ||    16
 Stab: Sleeping          |       |     2 |     3 |     4 |     6 |    12 |     5 ||    32
       Distracted        |       |       |     1 |       |     5 |     7 |     5 ||    18
  Eat: Chunk             |     2 |     3 |    11 |     2 |    19 |    14 |     4 ||    55
       Bread ration      |       |     1 |       |     3 |     1 |     2 |     5 ||    12
       Meat ration       |       |       |     1 |     1 |     1 |     3 |     1 ||     7
       Royal jelly       |       |       |     1 |     1 |       |     1 |       ||     3
       Beef jerky        |       |       |       |     3 |     2 |     3 |     1 ||     9
       Fruit             |       |       |       |    12 |    13 |    12 |       ||    37
       Pizza             |       |       |       |       |     8 |       |     1 ||     9
